 Dungeon Crawl Stone Soup version 0.29.0-4-gdea44cf6ec (webtiles) character file.

Game seed: 9222248410588024118

51 qw the Ruffian (level 3, -4/28 HPs)
             Began as a Ghoul Fire Elementalist on Aug 29, 2022.
             Slain by Sigmund
             ... wielding a +0 scythe
              (6 damage)
             ... on level 2 of the Dungeon.
             The game lasted 00:02:29 (2166 turns).

qw the Ruffian (Ghoul Fire Elementalist)            Turns: 2166, Time: 00:02:29

Health: -4/28      AC:  8    Str: 13    XL:     3   Next: 83%
Magic:  4/4        EV:  5    Int: 10    God:
Gold:   79         SH:  0    Dex:  9    Spells: 4/5 levels left

rFire   . . .      SeeInvis .     - Unarmed
rCold   + . .      Faith    .   (no shield)
rNeg    + + +      Spirit   .   b - +0 chain mail
rPois   inf        Reflect  .   (no helmet)
rElec   .          Harm     .   (no cloak)
rCorr   .          Rampage  .   (no gloves)
Will    .....                   (no boots)
Stlth   ..........              (no amulet)
HPRegen 0.00/turn               (no ring)
MPRegen 0.09/turn               (no ring)

@: inhibited regen
A: claws 1, cold resistance 1, negative energy resistance 3, inhibited
regeneration, torment resistance 2, devour on kill
a: no special abilities


You were on level 2 of the Dungeon.
You visited 1 branch of the dungeon, and saw 2 of its levels.

You collected 79 gold pieces.


Innate Abilities, Weirdness & Mutations

You are immune to poison.
You have sharp fingernails.
Your flesh is cold resistant. (rC+)
You are immune to negative energy. (rN+++)
You do not regenerate when monsters are visible.
You are immune to unholy pain and torment.
You thrive by killing the living.


   Skills:
 - Level 1.2 Fighting
 - Level 1.7 Dodging
 - Level 2.1 Stealth
 + Level 3.3 Unarmed Combat
 - Level 1.7 Spellcasting
 - Level 0.7 Conjurations
 - Level 2.4 Fire Magic


You had 4 spell levels left.
You knew the following spells:

 Your Spells              Type           Power      Damage    Failure   Level
a - Foxfire               Conj/Fire      16%        2x1d4     99%         1

Your spell library contained the following spells:

 Spells                   Type           Power      Damage    Failure   Level
 Scorch                   Fire           10%        2d6       100%        2
 Conjure Flame            Conj/Fire      4%         6-21      100%        3
 Inner Flame              Hex/Fire       3%         N/A       100%        3
 Flame Wave               Conj/Fire      4%         2d5       100%        4

Inventory:

Armour
 b - a +0 chain mail (worn)
Potions
 c - a potion of flight {unknown}
 e - a potion of lignification {unknown}
 f - a potion of curing {unknown}

Dungeon Overview and Level Annotations

Branches:
Dungeon (2/15)

Altars:

Shops:
D:2 (

Annotations:
D:2 Sigmund


Message History

Sigmund is nearby!
2146 ||| Stepping randomly (stuck).
Sigmund is nearby!
Sigmund is nearby!
2147 ||| Stepping randomly (stuck).
Sigmund is nearby!
Sigmund is nearby!
2148 ||| Stepping randomly (stuck).
Sigmund is nearby!
Sigmund is nearby!
2149 ||| Stepping randomly (stuck).
Sigmund is nearby!
Sigmund is nearby!
2150 ||| Stepping randomly (stuck).
Sigmund is nearby!
Sigmund flickers, as though insubstantial.
Sigmund hits you but does no damage. Sigmund gestures at you while chanting.
The puff of flame hits you!
You scratch Sigmund.
Sigmund is lightly wounded.
Sigmund gestures at you while chanting. You resist with significant effort.
You scratch Sigmund but do no damage.
Sigmund is lightly wounded.
Sigmund hits you with a +0 scythe!
You scratch Sigmund.
Sigmund is lightly wounded.
You scratch Sigmund.
Sigmund is lightly wounded.
Sigmund hits you with a +0 scythe!
You scratch Sigmund but do no damage.
Sigmund is lightly wounded.
You closely miss Sigmund.
Sigmund is lightly wounded.
Sigmund hits you with a +0 scythe.
You barely miss Sigmund.
Sigmund is lightly wounded.
Sigmund hits you with a +0 scythe.
You die...

#...##
....###...
#.#..##
#........
#.##..##
#[......
#.###..#
##.......
#..###.##
#.....).. ##.#
#..#####.##.#..
#.#
##..."...##.###
#.##
##########....
#.@#
#...@...#####.
##.@...#####.#
##.. #######
#..###...
#(.......
#####.... #....
##... ##...
#....


You could see Sigmund.

Vanquished Creatures
  2 adders (D:1)
  A worm (D:2)
  A dart slug (D:1)
  2 ball pythons (D:1)
  A giant cockroach (D:1)
  6 goblins
  A hobgoblin (D:1)
  4 kobolds
  A quokka (D:2)
  4 bats
  2 frilled lizards
  4 rats
29 creatures vanquished.

Notes
Turn   | Place    | Note
-------+----------+-------------------------------------------
     0 | D:1      | qw the Ghoul Fire Elementalist began the quest for the Orb.
     0 | D:1      | Reached XP level 1. HP: 14/14 MP: 2/2
     0 | D:1      | 0 ||| qw: Version: 0.1-a-90-g952f4b7
     0 | D:1      | 0 ||| qw: Game counter: 4079
     0 | D:1      | 0 ||| qw: Always use a shield: true
     0 | D:1      | 0 ||| qw: God list: Okawaru
     0 | D:1      | 0 ||| qw: Allow faded altars: false
     0 | D:1      | 0 ||| qw: Do Orc after D:15 true
     0 | D:1      | 0 ||| qw: Do second Lair branch before Depths: true
     0 | D:1      | 0 ||| qw: Lair rune preference: random
     0 | D:1      | 0 ||| qw: Plans: Normal
     0 | D:1      | 0 ||| PLANNING D:1-11
   208 | D:1      | Reached skill level 1 in Unarmed Combat
   372 | D:1      | 372 ||| Stepping ~*~*~tactically~*~*~ (stealth).
   382 | D:1      | Reached skill level 1 in Fighting
   382 | D:1      | Reached XP level 2. HP: 15/23 MP: 3/3
  1505 | D:1      | Found a faded altar of an unknown god.
  1515 | D:1      | 1515 ||| READING scroll labelled NOJUGORUHU.
  1516 | D:1      | 1516 ||| READING scroll labelled CERUME YCIPT.
  1517 | D:1      | 1517 ||| READING scroll labelled YLOROP WUBUOHE.
  1518 | D:1      | 1518 ||| DROPPING potion of magic.
  1540 | D:2      | 1540 ||| STAIRDANCE
  1545 | D:1      | Reached skill level 2 in Unarmed Combat
  1545 | D:1      | Reached XP level 3. HP: 19/28 MP: 4/4
  1644 | D:2      | 1644 ||| STAIRDANCE
  1738 | D:2      | Reached skill level 3 in Unarmed Combat
  1747 | D:2      | 1747 ||| Stepping ~*~*~tactically~*~*~ (stealth).
  1748 | D:2      | Found Kaqayn's Weapon Shop.
  1817 | D:2      | 1817 ||| Stepping ~*~*~tactically~*~*~ (stealth).
  1818 | D:2      | 1818 ||| Stepping ~*~*~tactically~*~*~ (stealth).
  1832 | D:2      | Identified the +1 leather armour of Disappointment {Str+2}
  2059 | D:2      | Noticed Sigmund
  2065 | D:2      | 2065 ||| UPGRADING to +0 chain mail.
  2075 | D:2      | 2075 ||| DROPPING +0 robe.
  2076 | D:2      | 2076 ||| DROPPING amulet of magic regeneration.
  2077 | D:2      | 2077 ||| Stepping randomly (stuck).
  2078 | D:2      | 2078 ||| Stepping randomly (stuck).
  2079 | D:2      | 2079 ||| Stepping randomly (stuck).
  2080 | D:2      | 2080 ||| Stepping randomly (stuck).
  2081 | D:2      | 2081 ||| Stepping randomly (stuck).
  2082 | D:2      | 2082 ||| Stepping randomly (stuck).
  2084 | D:2      | 2084 ||| Stepping randomly (stuck).
  2086 | D:2      | 2086 ||| Stepping randomly (stuck).
  2087 | D:2      | 2087 ||| Stepping randomly (stuck).
  2088 | D:2      | 2088 ||| Stepping randomly (stuck).
  2089 | D:2      | 2089 ||| Stepping randomly (stuck).
  2090 | D:2      | 2090 ||| Stepping randomly (stuck).
  2091 | D:2      | 2091 ||| Stepping randomly (stuck).
  2092 | D:2      | 2092 ||| Stepping randomly (stuck).
  2095 | D:2      | 2095 ||| Stepping randomly (stuck).
  2096 | D:2      | 2096 ||| Stepping randomly (stuck).
  2097 | D:2      | 2097 ||| Stepping randomly (stuck).
  2098 | D:2      | 2098 ||| Stepping randomly (stuck).
  2099 | D:2      | 2099 ||| Stepping randomly (stuck).
  2100 | D:2      | 2100 ||| Stepping randomly (stuck).
  2101 | D:2      | 2101 ||| Stepping randomly (stuck).
  2102 | D:2      | 2102 ||| Stepping randomly (stuck).
  2103 | D:2      | 2103 ||| Stepping randomly (stuck).
  2104 | D:2      | 2104 ||| Stepping randomly (stuck).
  2105 | D:2      | 2105 ||| Stepping randomly (stuck).
  2106 | D:2      | 2106 ||| Stepping randomly (stuck).
  2107 | D:2      | 2107 ||| Stepping randomly (stuck).
  2108 | D:2      | 2108 ||| Stepping randomly (stuck).
  2109 | D:2      | 2109 ||| Stepping randomly (stuck).
  2110 | D:2      | 2110 ||| Stepping randomly (stuck).
  2111 | D:2      | 2111 ||| Stepping randomly (stuck).
  2112 | D:2      | 2112 ||| Stepping randomly (stuck).
  2113 | D:2      | 2113 ||| Stepping randomly (stuck).
  2114 | D:2      | 2114 ||| Stepping randomly (stuck).
  2115 | D:2      | 2115 ||| Stepping randomly (stuck).
  2116 | D:2      | 2116 ||| Stepping randomly (stuck).
  2117 | D:2      | 2117 ||| Stepping randomly (stuck).
  2118 | D:2      | 2118 ||| Stepping randomly (stuck).
  2119 | D:2      | 2119 ||| Stepping randomly (stuck).
  2120 | D:2      | 2120 ||| Stepping randomly (stuck).
  2121 | D:2      | 2121 ||| Stepping randomly (stuck).
  2122 | D:2      | 2122 ||| Stepping randomly (stuck).
  2123 | D:2      | 2123 ||| Stepping randomly (stuck).
  2124 | D:2      | 2124 ||| Stepping randomly (stuck).
  2125 | D:2      | 2125 ||| Stepping randomly (stuck).
  2126 | D:2      | 2126 ||| Stepping randomly (stuck).
  2127 | D:2      | 2127 ||| Stepping randomly (stuck).
  2128 | D:2      | 2128 ||| Stepping randomly (stuck).
  2129 | D:2      | 2129 ||| Stepping randomly (stuck).
  2130 | D:2      | 2130 ||| Stepping randomly (stuck).
  2131 | D:2      | 2131 ||| Stepping randomly (stuck).
  2132 | D:2      | 2132 ||| Stepping randomly (stuck).
  2133 | D:2      | 2133 ||| Stepping randomly (stuck).
  2134 | D:2      | 2134 ||| Stepping randomly (stuck).
  2135 | D:2      | 2135 ||| Stepping randomly (stuck).
  2136 | D:2      | 2136 ||| Stepping randomly (stuck).
  2137 | D:2      | 2137 ||| Stepping randomly (stuck).
  2138 | D:2      | 2138 ||| Stepping randomly (stuck).
  2139 | D:2      | 2139 ||| Stepping randomly (stuck).
  2140 | D:2      | 2140 ||| Stepping randomly (stuck).
  2141 | D:2      | 2141 ||| Stepping randomly (stuck).
  2142 | D:2      | 2142 ||| Stepping randomly (stuck).
  2143 | D:2      | 2143 ||| Stepping randomly (stuck).
  2144 | D:2      | 2144 ||| Stepping randomly (stuck).
  2145 | D:2      | 2145 ||| Stepping randomly (stuck).
  2146 | D:2      | 2146 ||| Stepping randomly (stuck).
  2147 | D:2      | 2147 ||| Stepping randomly (stuck).
  2148 | D:2      | 2148 ||| Stepping randomly (stuck).
  2149 | D:2      | 2149 ||| Stepping randomly (stuck).
  2150 | D:2      | 2150 ||| Stepping randomly (stuck).
  2163 | D:2      | HP: 4/28 [Sigmund/+0 scythe (7)]
  2166 | D:2      | Slain by Sigmund

Levels and vault maps discovered:
D:1:      amcnicky_arrival_flooded_fountain, layout_basic,
          chequers_ecumenical_altar_simple, amethyst_killhole
D:2:      layout_rooms, serial_shops, nicolae_shop_hallway_stairs,
          serial_co_window_serial, co_window_corner_a, co_window_paths_a,
          co_window_corner_a, co_window_paths_a, co_window_paths_a,
          co_window_paths_c, co_window_corner_b, co_window_2corner,
          co_window_paths_e, glass_columns_b, minmay_pentomino_p2, uniq_sigmund

Skill      XL: |  1  2  3 |
---------------+----------+-----
Unarmed Combat | 1 2 3 |  3.3
Fighting       | 1 |  1.2
Dodging        | |  1.7
Stealth        | |  2.1
Spellcasting   | |  1.7
Conjurations   | |  0.7
Fire Magic     | |  2.4

Action                   || total
-------------------------++-------
Melee: Unarmed           ||   110
       Punch             ||     2
  Use: Scroll            ||     3
Armor: Robe              ||     9
       Chain mail        ||     1
Dodge: Dodged            ||    56

Table legend:
 A = Non-vault XP
 B = Vault XP
 C = Vault XP percentage of total XP
 D = Non-vault monster count
 E = Vault monster count
 F = Vault count percentage of total count
                 A         B        C        D         E       F
            +---------+---------+-------+---------+---------+-------
      Total |      58 |      16 |  21.6 |      27 |       2 |   6.9
            +---------+---------+-------+---------+---------+-------
        D:1 |      36 |      14 |  28.0 |      14 |       1 |   6.7
        D:2 |      22 |       2 |   8.3 |      13 |       1 |   7.1
            +---------+---------+-------+---------+---------+-------
